 Dungeon Crawl Stone Soup version 0.19.0-2-gae57169 (webtiles) character file.

12518 nikopol the Spear-Bearer (level 11, -1/101 HPs)
             Began as a Minotaur Berserker on Nov 5, 2016.
             Was a High Priest of Trog.
             Slain by a minotaur (12 damage)
             ... while paralysed
             ... in a labyrinth.
             The game lasted 00:33:32 (12434 turns).

nikopol the Spear-Bearer (Minotaur Berserker)      Turns: 12434, Time: 00:33:32

Health: -1/101     AC: 15    Str: 22    XL:     11   Next: 63%
Magic:  10/10      EV:  2    Int:  4    God:    Trog [*****.]
Gold:   574        SH:  0    Dex: 15    Spells: 0 memorised, 10 levels left

rFire  + . .     SeeInvis +     a - +3 halberd (protect)
rCold  . . .     Gourm    .     S - +0 scale mail
rNeg   . . .     Faith    .     (shield currently unavailable)
rPois  +         Spirit   .     u - +2 hat {MR+}
rElec  .         Reflect  +     O - +2 cloak {rPois}
rCorr  .         Harm     .     (no gloves)
MR     +....                    i - +0 pair of boots
Stlth  ..........               G - +2 amulet of reflection
                                p - ring of protection from fire
                                m - ring of see invisible

@: paralysed, fainting
A: retaliatory headbutt, horns 2, agile 1
a: Berserk, Trog's Hand, Brothers in Arms, Burn Spellbooks, Renounce Religion


You were in a labyrinth.
You worshipped Trog.
Trog was extremely pleased with you.
You were fainting.

You visited 2 branches of the dungeon, and saw 12 of its levels.
You also visited: Labyrinth and Sewer.

You collected 574 gold pieces.

Inventory:

Hand Weapons
 a - a +3 halberd of protection (weapon)
 h - a +0 shortbow
 k - a +1 trident
 z - a +4 shortbow of flaming
 H - the +0 spear "Wujuc" {protect, rElec rPois}
   (You found it on level 4 of the Dungeon)

   It protects the one who uses it against injury (+AC on strike).
   It insulates you from electricity.
   It protects you from poison.
Missiles
 E - 237 arrows (quivered)
Armour
 i - a +0 pair of boots (worn)
 u - a +2 hat of magic resistance (worn)
 O - a +2 cloak of poison resistance (worn)
 S - a +0 scale mail (worn)
Jewellery
 m - a ring of see invisible (left hand)
 p - a ring of protection from fire (right hand)
 G - a +2 amulet of reflection (around neck)
 R - an uncursed amulet of the gourmand
 U - an uncursed ring of stealth
Wands
 P - a wand of disintegration (21/24)
Scrolls
 n - a scroll of enchant weapon
 r - 2 scrolls of fog
 t - 4 scrolls of teleportation
 v - 4 scrolls of enchant armour
 C - 2 scrolls of recharging
 L - a scroll of magic mapping
Potions
 e - 3 potions of brilliance
 f - 4 potions of agility
 g - 2 potions of cancellation
 j - 11 potions of curing
 l - 2 potions of flight
 o - a potion of ambrosia
 q - 3 potions of haste
 w - 4 potions of might
 A - a potion of heal wounds
Books
 x - a book of Conjurations

   Spells                             Type                      Level
   a - Magic Dart                     Conjuration                  1
   b - Searing Ray                    Conjuration                  2
   c - Dazzling Spray                 Conjuration/Hexes            3
   d - Fulminant Prism                Conjuration/Hexes            4
   e - Iskenderun's Mystic Blast      Conjuration                  4
   f - Iskenderun's Battlesphere      Conjuration/Charms           5
   Trog disapproves of the use of such an item.
Comestibles
 c - 7 bread rations
 d - 6 fruits
 s - a royal jelly
 D - 4 beef jerkies
 I - 4 meat rations
 M - 8 slices of pizza


   Skills:
 + Level 10.8 Fighting
 * Level 11.7 Polearms
 * Level 7.2 Bows
 + Level 10.5 Armour
 + Level 9.6 Dodging


You had 10 spell levels left.
You didn't know any spells.

Dungeon Overview and Level Annotations

Branches:
Dungeon (10/15)            Temple (0/1) D:4            Lair (2/6) D:10
  Swamp (0/4) Lair:2
  Snake: Lair:2-4    Spider: Lair:2-4       Orc: D:9-12

Altars:

Shops:
D:7 :   D:9 ?[


Innate Abilities, Weirdness & Mutations

You reflexively headbutt those who attack you in melee.
You have a pair of horns on your head.
You are agile. (Dex +2)


Message History

You open the door.
A minotaur comes into view.
Found a scroll of identify.
Found an escape hatch in the ceiling.
You lose consciousness!
The minotaur hits you.
The minotaur gores you but does no damage.
The minotaur hits you!!
The minotaur gores you but does no damage.
The minotaur hits you but does no damage.
The minotaur gores you but does no damage.
The minotaur hits you!
The minotaur gores you but does no damage.
The minotaur hits you! The minotaur gores you!
The minotaur hits you but does no damage.
The minotaur gores you!
* * * LOW HITPOINT WARNING * * *
The minotaur hits you!
* * * LOW HITPOINT WARNING * * *
The minotaur gores you!
You die...

... #.. ..# ##.#
#.# #..# ##+##
.# # #..# ..⌠.#
#.# ..
#..###<...#
#.#.# .
##.#..'.@H..⌠+
#.#.
........###.⌠..#
#######.# #+###
#.# ### ... ....
# ...# ##.#
##.######### .
##. #...........
..... #.# ###
######.#
.#####.## # . ..
#... . .# ##
###.# # #.## #


You could see a minotaur.

Vanquished Creatures
  Gastronok (Lair:1)
  Josephine (D:10)
  A wizard (D:10)
  Pikel (D:7)
  Maurice (D:8)
  Psyche (D:9)
  2 spiny frogs (Lair:1)
  Grinder (D:5)
  3 hippogriffs
  7 yaks
  Grum (Lair:1)
  4 wraiths (D:10)
  A steam dragon (D:8)
  2 water moccasins (Lair:1)
  3 porcupines (Lair:1)
  3 orc warriors
  4 ice beasts
  5 sky beasts
  2 phantoms
  3 wolves (Lair:1)
  7 centaurs
  2 crocodiles (Lair:1)
  3 ogres
  5 bullfrogs
  A wyvern skeleton (D:10)
  2 scorpions
  3 killer bees (D:7)
  2 howler monkeys
  6 crimson imps
  2 quasits
  A bullfrog zombie (D:10)
  3 bullfrog skeletons
  2 hounds
  4 orc priests
  Crazy Yiuf (D:5)
  2 jellies
  14 orc wizards
  A centaur skeleton (D:9)
  2 iguanas
  7 worker ants
  2 hound zombies
  2 hound skeletons
  A worker ant zombie (D:10)
  6 gnolls
  16 adders
  8 river rats
  2 shadow imps
  An ooze (D:5)
  3 adder zombies
  5 worms
  2 adder skeletons (D:4)
  A dart slug (D:3)
  9 leopard geckos
  37 orcs
  11 bats
  8 giant cockroaches
  6 goblins
  10 hobgoblins
  7 jackals
  3 quokkas
  5 ball pythons
  9 frilled lizards
  20 kobolds
  3 quokka skeletons
  36 rats
  5 fungi
335 creatures vanquished.

Vanquished Creatures (others)
  A hippogriff (D:9)
  A leopard gecko (D:9)
  2 orcs (D:7)
  2 fungi (D:10)
6 creatures vanquished.

Grand Total: 341 creatures vanquished

Notes
Turn   | Place    | Note
-------+----------+-------------------------------------------
     0 | D:1      | nikopol the Minotaur Berserker began the quest for the Orb.
     0 | D:1      | Reached XP level 1. HP: 19/19 MP: 0/0
    98 | D:1      | Reached XP level 2. HP: 27/27 MP: 1/1
   226 | D:1      | Reached skill level 4 in Polearms
   448 | D:1      | Reached XP level 3. HP: 33/33 MP: 2/2
   913 | D:2      | Reached ** piety under Trog
  1188 | D:2      | Reached XP level 4. HP: 36/40 MP: 3/3
  1468 | D:2      | You fall through a shaft!
  1553 | D:3      | Found a glowing drain.
  1567 | Sewer    | Entered a sewer
  1767 | Sewer    | Reached *** piety under Trog
  1842 | Sewer    | Reached XP level 5. HP: 43/47 MP: 4/4
  2988 | D:3      | Reached **** piety under Trog
  3290 | D:4      | Noticed an ogre
  3299 | D:4      | Killed an ogre
  3299 | D:4      | Reached skill level 5 in Fighting
  3299 | D:4      | Reached skill level 5 in Polearms
  3299 | D:4      | Reached XP level 6. HP: 44/56 MP: 5/5
  3340 | D:4      | Found a staircase to the Ecumenical Temple.
  3453 | D:4      | Received a gift from Trog
  3473 | D:4      | Reached skill level 5 in Armour
  3884 | D:4      | Reached XP level 7. HP: 22/62 MP: 6/6
  3897 | D:4      | Got a faintly glowing spear
  3898 | D:4      | Identified the cursed +0 spear "Wujuc" {protect, rElec rPois} (You found it on level 4 of the Dungeon)
  3925 | D:4      | Reached skill level 6 in Polearms
  4273 | D:4      | Reached skill level 5 in Dodging
  4821 | D:5      | Entered Level 5 of the Dungeon
  4852 | D:5      | Noticed Grinder
  4867 | D:5      | Paralysed by Grinder for 7 turns
  4877 | D:5      | Killed Grinder
  4877 | D:5      | Reached XP level 8. HP: 38/71 MP: 7/7
  5349 | D:5      | Reached skill level 7 in Polearms
  5908 | D:5      | Found a runed door.
  5912 | D:5      | Noticed Crazy Yiuf
  5916 | D:5      | Killed Crazy Yiuf
  6176 | D:6      | Reached ***** piety under Trog
  6320 | D:6      | Reached XP level 9. HP: 65/81 MP: 8/8
  6750 | D:7      | Found Cezuce's Book Boutique.
  6760 | D:7      | Reached skill level 8 in Polearms
  7286 | D:7      | Noticed Pikel
  7313 | D:7      | Killed Pikel
  7472 | D:7      | Reached skill level 9 in Polearms
  7568 | D:7      | Got a heavily runed tin ring
  7736 | D:8      | Identified the ring of Yllalo {Fire Int+2} (You found it on level 7 of the Dungeon)
  7831 | D:8      | Noticed Maurice
  7853 | D:8      | Killed Maurice
  7853 | D:8      | Reached skill level 1 in Bows
  7853 | D:8      | Reached XP level 10. HP: 58/91 MP: 9/9
  8781 | D:9      | Found Ypuocoq's Magic Scroll Shoppe.
  8811 | D:9      | Noticed Psyche
  8825 | D:9      | Killed Psyche
  8825 | D:9      | Received a gift from Trog
  8885 | D:9      | Reached skill level 10 in Polearms
  9416 | D:9      | Found Fum Bier's Antique Armour Emporium.
  9666 | D:9      | Gained mutation: You are agile. (Dex +2) [potion of beneficial mutation]
  9723 | D:10     | Entered Level 10 of the Dungeon
  9940 | D:10     | Noticed Josephine
  9958 | D:10     | Killed Josephine
  9958 | D:10     | Reached skill level 10 in Fighting
  9958 | D:10     | Reached skill level 5 in Bows
  9958 | D:10     | Reached skill level 10 in Armour
  9979 | D:10     | Reached XP level 11. HP: 94/99 MP: 10/10
 10277 | D:10     | Received a gift from Trog
 10444 | D:10     | Found a staircase to the Lair.
 10601 | D:10     | Reached skill level 11 in Polearms
 10725 | D:10     | Noticed a wizard
 10733 | D:10     | Paralysed by a wizard for 3 turns
 10738 | D:10     | Killed a wizard
 10754 | D:10     | Identified the Guide on Earthen Bewitchment
 10907 | Lair:1   | Entered Level 1 of the Lair of Beasts
 10986 | Lair:1   | Noticed Grum
 11001 | Lair:1   | Killed Grum
 11061 | Lair:1   | Noticed Gastronok
 11087 | Lair:1   | Killed Gastronok
 11653 | Lair:1   | You fall through a shaft!
 11661 | Lair:2   | Found a labyrinth entrance.
 11671 | Lab      | Entered a labyrinth
 12416 | Lab      | Paralysed by fainting for 6 turns
 12425 | Lab      | Noticed a minotaur
 12426 | Lab      | Paralysed by fainting for 10 turns
 12434 | Lab      | Slain by a minotaur

Skill      XL: |  1  2  3  4  5  6  7  8  9 10 11 |
---------------+----------------------------------+-----
Fighting       | 4 5 6 8 9 10 | 10.8
Polearms       | 4 5 6 7 9 10 11 | 11.7
Armour         | 3 4 5 6 7 8 10 | 10.5
Dodging        | 3 4 5 6 8 9 |  9.6
Bows           | 1 5 7 |  7.2

Action                   |  1- 3 |  4- 6 |  7- 9 | 10-12 || total
-------------------------+-------+-------+-------+-------++-------
Melee: Spear             |    92 |   254 |   456 |       ||   802
       Headbutt          |    11 |    46 |    92 |    56 ||   205
       Trident           |       |    24 |    32 |   159 ||   215
       Halberd           |       |       |       |    79 ||    79
 Fire: Shortbow          |       |       |     6 |   192 ||   198
Invok: Berserk           |       |     1 |     2 |     3 ||     6
       Burn Spellbooks   |       |     1 |       |     4 ||     5
Evoke: Wand              |       |       |       |     1 ||     1
  Use: Scroll            |       |     2 |     2 |    25 ||    29
       Potion            |       |       |       |     1 ||     1
 Stab: Sleeping          |     1 |       |     1 |       ||     2
  Eat: Chunk             |     1 |    10 |    14 |    15 ||    40
Armor: Animal skin       |     3 |       |       |       ||     3
       Leather armour    |    10 |    41 |    96 |       ||   147
       Scale mail        |       |       |    28 |    80 ||   108
Dodge: Dodged            |    34 |   126 |   212 |   141 ||   513
Block: Other             |       |       |       |    16 ||    16
       Reflection        |       |       |       |     1 ||     1
